 Dungeon Crawl Stone Soup version 0.32-a0-656-g3542139ebd (webtiles) character file.

Game seed: 12999778025876450630

17 seaoflcl the Sneak (level 2, 22/22 HPs)
             Began as a Vampire Brigand on Mar 8, 2024.
             Safely got out of the dungeon.
             The game lasted 00:01:12 (764 turns).

seaoflcl the Sneak (Vampire Brigand)                 Turns: 764, Time: 00:01:13

Health: 22/22      AC:  3    Str: 10    XL:     2   Next: 44%
Magic:  2/2        EV: 12    Int: 13    God:
Gold:   53         SH:  0    Dex: 15    Spells: 1/1 levels left

rFire   . . .        a - +2 dagger
rCold   . . .        (no shield)
rNeg    . . .        b - +0 robe
rPois   .            (no helmet)
rElec   .            c - +0 cloak
rCorr   .            (no gloves)
SInv    +            (no boots)
Will    .....        (no amulet)
Stlth   +++          (no ring)
HPRegen 0.43/turn    (no ring)
MPRegen 0.08/turn

%: no passive effects
@: healing quickly
A: alive, fangs 3, see invisible, vampiric 1
a: Exsanguinate


You escaped.
You visited 1 branch of the dungeon, and saw 1 of its levels.

You collected 53 gold pieces.

Inventory:

Hand Weapons
 a - a +2 dagger (weapon)
Missiles
 d - 14 poisoned darts (quivered)
 e - 3 curare-tipped darts
Armour
 b - a +0 robe (worn)
 c - a +0 cloak (worn)
Jewellery
 j - a ring of wizardry
 k - a +6 ring of strength
Scrolls
 f - 2 scrolls of fear {unknown}
 g - 3 scrolls of identify {unknown}
 h - 2 scrolls of immolation {unknown}
 l - a scroll of teleportation {unknown}
 m - a scroll of vulnerability {unknown}
 n - a scroll of noise {unknown}
Potions
 i - 3 potions of magic {unknown}


   Skills:
 + Level 1.9 Fighting
 + Level 2.3 Short Blades
 + Level 1.6 Throwing
 + Level 1.1 Dodging
 + Level 6.7 Stealth


You had one spell level left.
You didn't know any spells.
Your spell library was empty.

Dungeon Overview and Level Annotations

Branches:
Dungeon (1/15)

Altars:


Innate Abilities, Weirdness & Mutations

Your natural rate of healing is accelerated.
You have razor-sharp teeth.
You have supernaturally acute eyesight. (SInv)
You are afflicted with vampirism.


Message History

You kill the hobgoblin!
No target in view!
No target in view!
No target in view!
No target in view!
No target in view!
No target in view!
No target in view!
No target in view!
No target in view!
No target in view!
No target in view!
No target in view!
d - 14 poisoned darts (gained 5)
n - a scroll labelled KOTZYCV QORETT A ball python comes into view.
You see here a hobgoblin corpse.
A ball python is nearby!
A ball python is nearby!
A ball python is nearby!
The helpless ball python fails to defend itself.
You impale the ball python!!
You kill the ball python!
No target in view!
No target in view!
No target in view!
No target in view!
No target in view!
No target in view!
No target in view!
No target in view!
No target in view!
No target in view!
No target in view!
No target in view!
Welcome back, seaoflcl the Vampire Brigand.
Press ? for a list of commands and other information.
There is a staircase leading out of the dungeon here.
You can't go down here!
You have escaped!

##+####.###...#.#.....#...# #...#
.....##.......#.###.###.### #####
.....###......#.#.....#...# #####
...†........###.#.#######.###....
...#........# #...# #.....#....
............# ##### #.###.#....
....##......###.# #...#.#....
.........##...#.## #####.#.###..
...##.#†......#.@# #...#.#.# #..
...##.........#.#####.#.###.###..
..............#..)#...#.....#....
..............###.#.#.###.###.#..
..............# #...#...#.....#..
...####...#...# #######.#####...#
#### #######.#########.#####...#
#....................
######.########...###


There were no monsters in sight!

Vanquished Creatures
  A dart slug (D:1)
  A ball python (D:1)
  A bat (D:1)
  2 giant cockroaches (D:1)
  A goblin (D:1)
  4 hobgoblins (D:1)
  A kobold (D:1)
  A rat (D:1)
12 creatures vanquished.

Notes
Turn   | Place    | Note
-------+----------+-------------------------------------------
     0 | D:1      | seaoflcl the Vampire Brigand began the quest for the Orb.
     0 | D:1      | Reached XP level 1. HP: 16/16 MP: 1/1
    45 | D:1      | Reached skill level 6 in Stealth
   230 | D:1      | Reached XP level 2. HP: 22/22 MP: 2/2
   764 | D:$      | Safely got out of the dungeon.

Illustrated notes

Levels and vault maps discovered:
D:1:      elethiomel_arrival_maze, layout_basic

Skill      XL: |  1 |
---------------+----+-----
Stealth        | 6 |  6.7
Fighting       | |  1.9
Short Blades   | |  2.3
Throwing       | |  1.6
Dodging        | |  1.1

Action                     || total
---------------------------++-------
  Melee: Dagger            ||    30
         Bite              ||     2
   Stab: Sleeping          ||     8
 Armour: Robe              ||    19
  Dodge: Dodged            ||    17

Table legend: (Time is in decaauts)
 A = Elapsed time spent in this place.
 B = Non-inter-level travel time spent in this place.
 C = Inter-level travel time spent in this place.
 D = Time resting spent in this place.
 E = Time spent auto-exploring this place.
 F = Levels seen in this place.
 G = Mean time per level.
                   A        B        C        D        E       F      G
               +--------+--------+--------+--------+--------+-----+--------+
         Total |    760 |    723 |     37 |      0 |    586 |   1 |  760.0 |
       Dungeon |    760 |    723 |     37 |      0 |    586 |   1 |  760.0 |
               +--------+--------+--------+--------+--------+-----+--------+

Top non-repeatable levels by time:
     D:1: 760 daAuts
